[Event "Titled Tuesday Blitz December 06 Early 2022"]
[White "Topalov, Aleksandar"]
[Black "Mgeladze, Tamaz"]
[WhiteFideId "925659"]
[BlackFideId "13601202"]
[WhiteElo "2335"]
[BlackElo "2632"]
[Result "1-0"]
[Round "07"]
[TimeControl "180+1"]
[Date "2022.12.07"]
[WhiteClock "0:00:58"]
[BlackClock "0:01:18"]

1. b3 Nf6 2. Bb2 g6 3. Bxf6 exf6 4. c4 d5 5. cxd5 Qxd5 6. e3 Bg7 7. Nc3 Qd7 8. d4 O-O 9. Nge2 f5 10. g3 h5 11. Bg2 h4 12. O-O c6 13. b4 Bf6 14. a4 Kg7 15. b5 Rh8 16. Qb3 Qe7 17. Rab1 Be6 18. d5 cxd5 19. Nxd5 Bxd5 20. Qxd5 Nd7 21. Qxb7 hxg3 22. hxg3 Rad8 23. Qxa7 Be5 24. Rfd1 Qe6 25. Nf4 Bxf4 26. exf4 Nf6 27. b6 Qa2 28. Bf3 Ne4 29. Bxe4 fxe4 30. b7 Rd2 31. Qe3 Re2 32. Qd4+ f6 33. b8=Q Rxb8 34. Rxb8 e3 35. Qd7+ 1-0


[Site "https://www.chess.com"]

[Event "Titled Tuesday Blitz December 06 Early 2022"]
[White "Tsatsalashvili, Keti"]
[Black "Simonovic, Miroslav"]
[WhiteFideId "13603434"]
[BlackFideId "919152"]
[WhiteElo "2220"]
[BlackElo "2057"]
[Result "1-0"]
[Round "07"]
[TimeControl "180+1"]
[Date "2022.12.07"]
[WhiteClock "0:00:31"]
[BlackClock "0:00:01"]

1. d4 Nf6 2. c4 c5 3. d5 b5 4. cxb5 a6 5. b6 d6 6. Nc3 Nbd7 7. a4 a5 8. e4 g6 9. Bb5 Bg7 10. Nf3 O-O 11. O-O Qxb6 12. Nd2 Ba6 13. Nc4 Qb8 14. Re1 Bxb5 15. axb5 Ng4 16. Qxg4 Ne5 17. Nxe5 Bxe5 18. Qe2 Rc8 19. Qc4 Qb7 20. Bd2 Qd7 21. Ra4 Qg4 22. h3 Qh5 23. Rea1 Rf8 24. Rxa5 Rxa5 25. Rxa5 f5 26. exf5 Bxc3 27. Bxc3 Qd1+ 28. Qf1 Qxd5 29. fxg6 hxg6 30. b6 Qb3 31. Rb5 Qd5 32. Qe2 e6 33. Qg4 Kf7 34. Qh4 Qd1+ 35. Kh2 Ke8 36. b7 Kd7 37. b8=Q Rxb8 38. Rxb8 Kc6 39. Qg3 e5 40. Rg8 Qc2 41. Rxg6 1-0


[Site "https://www.chess.com"]

[Event "Titled Tuesday Blitz December 06 Early 2022"]
[White "Turzo, Attila"]
[Black "Farmani Anosheh, Armin"]
[WhiteFideId "704954"]
[BlackFideId "24613240"]
[WhiteElo "2471"]
[BlackElo "2384"]
[Result "1-0"]
[Round "07"]
[TimeControl "180+1"]
[Date "2022.12.07"]
[WhiteClock "0:00:32"]
[BlackClock "0:00:01"]

1. d4 Nf6 2. c4 e6 3. Nf3 d5 4. Nc3 Bb4 5. cxd5 exd5 6. Bg5 h6 7. Bxf6 Qxf6 8. Qa4+ Nc6 9. e3 O-O 10. Be2 Be6 11. O-O a6 12. Rac1 Bd6 13. Rfe1 Rad8 14. a3 g5 15. Nd2 Bxh2+ 16. Kxh2 Qxf2 17. Nf1 g4 18. Qc2 Qh4+ 19. Kg1 g3 20. Bf3 Ne7 21. e4 c6 22. Ne2 f5 23. exd5 Bxd5 24. Nfxg3 Bxf3 25. gxf3 f4 26. Nf1 Kh8 27. Nh2 Rg8+ 28. Kh1 Rg5 29. Nxf4 Qxf4 30. Rxe7 Rf5 31. Rce1 Rg8 32. Re8 Rg5 33. Rxg8+ Rxg8 34. Rg1 Rxg1+ 35. Kxg1 Qxd4+ 36. Qf2 Qf4 37. Ng4 h5 38. Ne3 Qd4 39. Ng2 Qd3 40. f4 Qf5 41. Kh2 Kh7 42. Qh4 Qc5 43. Qf6 1-0


[Site "https://www.chess.com"]

[Event "Titled Tuesday Blitz December 06 Early 2022"]
[White "Vidit, Santosh Gujrathi"]
[Black "Moroni, Luca Jr"]
[WhiteFideId "5029465"]
[BlackFideId "865834"]
[WhiteElo "2669"]
[BlackElo "2573"]
[Result "1-0"]
[Round "07"]
[TimeControl "180+1"]
[Date "2022.12.06"]
[WhiteClock "0:00:14"]
[BlackClock "0:00:06"]

1. e4 d6 2. d4 e5 3. Nf3 exd4 4. Nxd4 Nf6 5. Nc3 Be7 6. Be2 O-O 7. O-O Re8 8. Re1 Bf8 9. Bf1 c6 10. Bf4 a5 11. a4 Na6 12. Qd2 Nc5 13. f3 Qb6 14. Be3 Qc7 15. Rad1 Bd7 16. Nb3 Nxb3 17. cxb3 Be6 18. Qc2 Rac8 19. Bd4 d5 20. e5 Nd7 21. f4 g6 22. Bd3 Bg7 23. Rf1 Bg4 24. Rde1 Nf8 25. Qf2 Ne6 26. Bb6 Qd7 27. Bxa5 Bf5 28. Bxf5 gxf5 29. Bb6 d4 30. Ne2 c5 31. Ng3 Rc6 32. a5 Nf8 33. b4 Ng6 34. bxc5 d3 35. Rd1 Rxb6 36. axb6 Rd8 37. Rd2 Bf8 38. Rfd1 Qb5 39. Rc1 Rd5 40. Kh1 Bxc5 41. Qf3 Ne7 42. Nxf5 Nxf5 43. Qxd5 Qxb6 44. Qxc5 1-0


[Site "https://www.chess.com"]

[Event "Titled Tuesday Blitz December 06 Early 2022"]
[White "Vifleemskaia, Svetlana"]
[Black "Moskvin, Anatoly"]
[WhiteFideId "4129490"]
[BlackFideId "24199990"]
[WhiteElo "2379"]
[BlackElo "2453"]
[Result "0-1"]
[Round "07"]
[TimeControl "180+1"]
[Date "2022.12.07"]
[WhiteClock "0:00:08"]
[BlackClock "0:00:08"]

1. d4 g6 2. c4 Bg7 3. e4 Nf6 4. Nc3 d6 5. Nge2 Nbd7 6. Ng3 e5 7. d5 a5 8. Be2 Nc5 9. O-O h5 10. f3 h4 11. Nh1 Nh5 12. Be3 b6 13. Qd2 Bd7 14. Nf2 Nf4 15. Bxf4 exf4 16. Qxf4 Bh6 17. Qxh6 Rxh6 18. h3 Qg5 19. Rad1 f5 20. Kh1 Qg3 21. Nd3 Rh5 22. f4 fxe4 23. Nxc5 bxc5 24. Bxh5 gxh5 25. Nxe4 Qg7 26. f5 O-O-O 27. f6 Qg6 28. Nc3 Bf5 29. Rf4 Rf8 30. Rdf1 Rxf6 31. R1f2 Qg5 32. Ne4 Bxe4 33. Rxf6 Bxg2+ 34. Kh2 Qg3+ 35. Kg1 Bxh3+ 36. Kh1 Bg4 37. Rf8+ Kb7 38. R8f7 h3 39. R7f6 h2 40. b3 Qg1# 0-1


[Site "https://www.chess.com"]

[Event "Titled Tuesday Blitz December 06 Early 2022"]
[White "Vlassov, Nikolai"]
[Black "Mikhailovsky, Vladimir"]
[WhiteFideId "4103360"]
[BlackFideId "34105414"]
[WhiteElo "2545"]
[BlackElo "2762"]
[Result "0-1"]
[Round "07"]
[TimeControl "180+1"]
[Date "2022.12.07"]
[WhiteClock "0:01:02"]
[BlackClock "0:00:44"]

1. e4 Nf6 2. e5 Nd5 3. d4 d6 4. c4 Nb6 5. exd6 exd6 6. h3 Be7 7. Nf3 O-O 8. Bd3 Nc6 9. a3 Bf6 10. Be3 d5 11. c5 Nc4 12. Qc2 Nxe3 13. fxe3 Re8 14. O-O Rxe3 15. Bxh7+ Kh8 16. Qd2 Rxf3 17. Rxf3 Kxh7 18. Nc3 Nxd4 19. Rff1 c6 20. Rae1 Kg8 21. b4 Bf5 22. Ne2 Nxe2+ 23. Rxe2 Be4 24. Kh1 Be5 25. Qe3 Qh4 26. Ref2 Bg3 0-1


[Site "https://www.chess.com"]

[Event "Titled Tuesday Blitz December 06 Early 2022"]
[White "Weetik, Vjacheslav"]
[Black "Xu, Yi"]
[WhiteFideId "4153472"]
[BlackFideId "8605564"]
[WhiteElo "2469"]
[BlackElo "2471"]
[Result "1/2-1/2"]
[Round "07"]
[TimeControl "180+1"]
[Date "2022.12.06"]
[WhiteClock "0:00:08"]
[BlackClock "0:00:11"]

1. d4 Nf6 2. Nf3 d5 3. c4 e6 4. g3 Bb4+ 5. Bd2 Be7 6. Bg2 O-O 7. O-O c6 8. Na3 Ne4 9. Be3 f5 10. Rc1 Nd7 11. Ne1 b6 12. cxd5 cxd5 13. Nb5 Ndf6 14. Nd3 a6 15. Nc3 Bd6 16. Bf4 Bxf4 17. Nxf4 Bd7 18. Rc2 Qe7 19. Nd3 Rfc8 20. Ne5 Be8 21. Qd3 b5 22. Rfc1 Nd6 23. b3 b4 24. Nb1 Bb5 25. Rxc8+ Rxc8 26. Rxc8+ Nxc8 27. Qc2 Nb6 28. e3 g5 29. Nd2 Kg7 30. f3 Qd6 31. h3 Nbd7 32. f4 Ne4 33. Nxe4 fxe4 34. Qc8 gxf4 35. gxf4 Nxe5 36. fxe5 Qe7 37. Kh2 h5 38. Qc1 h4 39. Qd1 Qg5 40. Qc1 Qg3+ 41. Kh1 Kg6 42. Qc8 Qxe3 43. Qg8+ Kh6 44. Qf8+ Kh7 45. Qf7+ Kh8 46. Qf8+ Kh7 47. Qe7+ Kh8 48. Qxh4+ Kg8 49. Qd8+ Kh7 50. Qe7+ Kh8 51. Qxe6 Qc1+ 52. Kh2 Qf4+ 53. Kh1 Qc1+ 54. Kh2 Qf4+ 55. Kh1 Qc1+ 1/2-1/2


[Site "https://www.chess.com"]

[Event "Titled Tuesday Blitz December 06 Early 2022"]
[White "Wojtaszek, Radoslaw"]
[Black "Riehle, Marco"]
[WhiteFideId "1118358"]
[BlackFideId "12904392"]
[WhiteElo "2605"]
[BlackElo "2462"]
[Result "0-1"]
[Round "07"]
[TimeControl "180+1"]
[Date "2022.12.06"]
[WhiteClock "0:00:31"]
[BlackClock "0:01:11"]

1. e4 e5 2. Nf3 Nf6 3. Nxe5 Nxe4 4. Qf3 Qe7 5. Qxe4 d6 6. d4 dxe5 7. dxe5 Nc6 8. Bb5 Bd7 9. Nc3 O-O-O 10. Bf4 g5 11. Bg3 a6 12. Ba4 Re8 13. O-O-O f5 14. Qc4 f4 15. Nd5 Qxe5 16. Rhe1 Qxe1 17. Rxe1 Rxe1+ 18. Kd2 Re6 19. Nxf4 gxf4 20. Bxf4 Bh6 21. Bxh6 Rxh6 22. Qf4 Rd6+ 23. Kc3 Ne7 24. Bxd7+ Rxd7 25. Kb3 Nc6 26. c3 Re8 27. h4 Kb8 28. g4 Re2 29. Qf8+ Rd8 30. Qf5 Rdd2 31. Qxh7 Rxb2+ 32. Kc4 Red2 33. Qf5 Rb5 34. Qf8+ Ka7 0-1


[Site "https://www.chess.com"]

[Event "Titled Tuesday Blitz December 06 Early 2022"]
[White "Xiong, Jeffery"]
[Black "Le, Tuan Minh"]
[WhiteFideId "2047640"]
[BlackFideId "12401153"]
[WhiteElo "2726"]
[BlackElo "2530"]
[Result "0-1"]
[Round "07"]
[TimeControl "180+1"]
[Date "2022.12.06"]
[WhiteClock "0:00:01"]
[BlackClock "0:00:04"]

1. d4 d5 2. c4 c6 3. cxd5 cxd5 4. Bf4 Nf6 5. e3 Nc6 6. Nc3 a6 7. Rc1 Bg4 8. Qb3 Na5 9. Qa4+ Bd7 10. Qc2 Rc8 11. Bd3 e6 12. Nf3 b5 13. a3 Nc4 14. O-O Be7 15. Ne5 O-O 16. Qe2 Be8 17. a4 Nd7 18. Nxd7 Bxd7 19. axb5 axb5 20. b3 Na5 21. Nxb5 Nxb3 22. Rb1 Bxb5 23. Bxb5 Na5 24. Ra1 Nc4 25. Rfc1 Nd6 26. Bd3 Rxc1+ 27. Rxc1 Qb8 28. Qc2 h6 29. Qc7 Qb2 30. Rf1 Nc8 31. Rb1 Qa3 32. Qc2 Bd6 33. Bg3 Bxg3 34. hxg3 Nd6 35. Qb3 Qxb3 36. Rxb3 g6 37. Rb6 Rd8 38. g4 Kg7 39. Kh2 Ne8 40. Kg3 Nf6 41. Rb7 Rc8 42. Kf3 Rc3 43. Bb1 Ra3 44. Rb2 Nh7 45. Ke2 Nf6 46. f3 h5 47. gxh5 Nxh5 48. Kf2 Nf6 49. Bc2 Ne8 50. Bd1 Nd6 51. Re2 Nb5 52. Bc2 Nd6 53. Rd2 Kf6 54. Bd3 Ke7 55. g4 g5 56. f4 Kf6 57. Ke2 Ra1 58. Rb2 Ne8 59. Kf3 Ra3 60. Rd2 Nd6 61. Ke2 Ne4 62. Bxe4 dxe4 63. fxg5+ Kxg5 64. d5 exd5 65. Rxd5+ Kxg4 66. Rd2 f5 67. Kf2 Rb3 68. Rc2 Ra3 69. Rb2 Ra8 70. Rc2 Kh3 71. Rc5 Ra2+ 72. Ke1 Kg4 73. Rb5 Rh2 74. Kf1 Rc2 75. Ke1 Ra2 76. Kf1 Kf3 77. Rxf5+ Kxe3 78. Rf8 Ra1+ 79. Kg2 Ra2+ 80. Kg1 Ra1+ 81. Kg2 Kd3 82. Rd8+ Ke2 83. Rb8 Rd1 84. Rb2+ Rd2 85. Rb1 e3 86. Kg3 Ra2 87. Kg2 Kd3+ 88. Kf3 Rf2+ 89. Kg3 Rf8 90. Rb3+ Kd4 91. Rb4+ Kc3 92. Rb1 e2 93. Ra1 Ra8 0-1


[Site "https://www.chess.com"]

[Event "Titled Tuesday Blitz December 06 Early 2022"]
[White "Yeletsky, Ivan"]
[Black "Buksa, Nataliya"]
[WhiteFideId "24180327"]
[BlackFideId "14123622"]
[WhiteElo "2882"]
[BlackElo "2624"]
[Result "1-0"]
[Round "07"]
[TimeControl "180+1"]
[Date "2022.12.07"]
[WhiteClock "0:01:30"]
[BlackClock "0:01:32"]

1. d4 d5 2. c4 e6 3. Nf3 Nf6 4. Nc3 Nbd7 5. Bf4 dxc4 6. e3 b5 7. Nxb5 Bb4+ 8. Nc3 Nd5 9. a3 Nxc3 10. Qd2 Nd5 11. axb4 Nxf4 12. exf4 Nb6 13. Be2 O-O 14. O-O Bb7 15. Ne5 Qd6 16. Rfd1 Rfb8 17. Ra5 Bd5 18. b5 f6 19. Ng4 c6 20. bxc6 Qxc6 21. Ne3 Nd7 22. f5 Rb5 23. fxe6 Rxa5 24. Qxa5 Nb6 25. e7 Bf7 26. Bf3 Qe8 27. Bxa8 Qxa8 28. Ra1 h5 29. Qxb6 1-0


[Site "https://www.chess.com"]

[Event "Titled Tuesday Blitz December 06 Early 2022"]
[White "Zemlyanskii, Ivan"]
[Black "Darini, Pouria"]
[WhiteFideId "24249971"]
[BlackFideId "12502200"]
[WhiteElo "2107"]
[BlackElo "2482"]
[Result "1-0"]
[Round "07"]
[TimeControl "180+1"]
[Date "2022.12.06"]
[WhiteClock "0:00:28"]
[BlackClock "0:00:05"]

1. d4 Nf6 2. c4 e6 3. Nf3 d5 4. g3 Bb4+ 5. Bd2 Be7 6. Bg2 O-O 7. Qc2 c6 8. O-O Nbd7 9. Bf4 b6 10. Nbd2 Bb7 11. e4 c5 12. exd5 exd5 13. Rfd1 Rc8 14. Qf5 cxd4 15. Nxd4 Nc5 16. N2b3 dxc4 17. Bxb7 Nxb7 18. Ne6 Qe8 19. Nxf8 cxb3 20. Nd7 bxa2 21. Nxf6+ Bxf6 22. Rxa2 Na5 23. b4 Nc6 24. Re2 Qf8 25. Red2 Re8 26. b5 Ne7 27. Qd7 Ng6 28. Bd6 Be7 29. Qxa7 Bxd6 30. Rxd6 h5 31. Qxb6 Qe7 32. Rd8 Kh7 33. Rxe8 Qxe8 34. Qc6 Ne5 35. Qe4+ f5 36. Qxf5+ g6 37. Qe4 Qb8 38. Rd5 Ng4 39. h3 Nxf2 40. Rd7+ Kh6 41. Qe3+ 1-0


[Site "https://www.chess.com"]

[Event "Titled Tuesday Blitz December 06 Early 2022"]
[White "monkins"]
[Black "Sanchez, Robert"]
[BlackFideId "2034360"]
[WhiteElo "2246"]
[BlackElo "2342"]
[Result "0-1"]
[Round "07"]
[TimeControl "180+1"]
[Date "2022.12.07"]
[WhiteClock "0:00:01"]
[BlackClock "0:00:56"]

1. Nf3 d5 2. c4 e6 3. g3 Nf6 4. Bg2 Be7 5. O-O O-O 6. d3 c5 7. cxd5 exd5 8. d4 c4 9. b3 cxb3 10. Qxb3 Nc6 11. Nc3 Be6 12. Ba3 Na5 13. Bxe7 Nxb3 14. Bxd8 Nxa1 15. Bxf6 gxf6 16. Rxa1 Rfc8 17. Nb5 Rc2 18. Ne1 Rxe2 19. Nc7 Rc8 20. Nxd5 Kg7 21. Nf4 Rd2 22. d5 Bd7 23. h4 Rc4 24. Bf1 Ra4 25. a3 Bg4 26. Ned3 Rd1 27. Rxd1 Bxd1 28. Nb2 Rd4 29. Nxd1 Rxd1 30. Kg2 Ra1 31. d6 Kf8 32. Bc4 Rd1 33. Nd5 Ke8 34. Nxf6+ Kd8 35. d7 Rd6 36. Ne4 Rd4 37. Bxf7 Rxe4 38. Bd5 Ra4 39. Bxb7 Kxd7 40. h5 Rxa3 41. Be4 h6 42. Bf5+ Ke7 43. g4 Kf6 44. f3 Rc3 0-1


[Site "https://www.chess.com"]

[Event "Titled Tuesday Blitz December 06 Early 2022"]
[White "sabkeIXO"]
[Black "Muminova, Nafisa"]
[BlackFideId "14201526"]
[WhiteElo "2490"]
[BlackElo "2355"]
[Result "0-1"]
[Round "07"]
[TimeControl "180+1"]
[Date "2022.12.07"]
[WhiteClock "0:00:09"]
[BlackClock "0:00:21"]

1. e4 e6 2. d4 d5 3. e5 c5 4. c3 Nc6 5. Nf3 Qb6 6. Bd3 cxd4 7. O-O Bd7 8. Nbd2 dxc3 9. bxc3 Nge7 10. Rb1 Qc7 11. Qe2 Ng6 12. Nb3 Ncxe5 13. Nxe5 Qxe5 14. Qd2 Bd6 15. g3 O-O 16. Bb2 Qh5 17. Rbe1 e5 18. Bxg6 hxg6 19. Qxd5 Bc6 20. Qd3 Rad8 21. Qe3 Bc7 22. c4 a5 23. Nc1 Bf3 24. h3 e4 25. Kh2 Bg4 26. h4 Qxh4+ 27. Kg1 Qh5 28. f4 exf3 29. Qc3 f6 30. Rf2 Bxg3 0-1


[Site "https://www.chess.com"]

[Event "Titled Tuesday Blitz December 06 Early 2022"]
[White "tufferguy"]
[Black "Lenderman, Aleksandr"]
[BlackFideId "2021285"]
[WhiteElo "2691"]
[BlackElo "2607"]
[Result "0-1"]
[Round "07"]
[TimeControl "180+1"]
[Date "2022.12.06"]
[WhiteClock "0:00:01"]
[BlackClock "0:01:12"]

1. e4 e6 2. d4 d5 3. Bd3 c5 4. exd5 exd5 5. c3 Nc6 6. Nf3 Bd6 7. dxc5 Bxc5 8. O-O Nge7 9. Nbd2 O-O 10. Nb3 Bb6 11. Re1 Ng6 12. Be3 Bc7 13. Bc5 Re8 14. Bb5 Rxe1+ 15. Qxe1 Bg4 16. Nbd4 Qf6 17. h3 Bd7 18. Qd2 Nf4 19. Bf1 Qg6 20. Kh1 Qh5 21. Nxc6 bxc6 22. Qd1 Bg4 23. Be2 Re8 24. Be3 Nxg2 25. Kxg2 Qxh3+ 26. Kg1 Bxf3 27. Bxf3 Bh2+ 28. Kh1 Rxe3 29. Bg2 Qh4 30. fxe3 Bf4+ 31. Kg1 Bxe3+ 32. Kf1 Qf2# 0-1


[Site "https://www.chess.com"]

[Event "Titled Tuesday Blitz December 06 Early 2022"]
[White "Acor, Corey"]
[Black "Aldokhin, Ivan"]
[WhiteFideId "2024861"]
[BlackFideId "24115720"]
[WhiteElo "2341"]
[BlackElo "2313"]
[Result "1-0"]
[Round "08"]
[TimeControl "180+1"]
[Date "2022.12.07"]
[WhiteClock "0:00:27"]
[BlackClock "0:00:01"]

1. e4 c5 2. Nc3 e6 3. g3 Nc6 4. Bg2 g6 5. d3 Bg7 6. Be3 b6 7. Qd2 Nd4 8. e5 Rb8 9. f4 Bb7 10. Bxd4 cxd4 11. Nb5 d5 12. Nd6+ Kf8 13. Nf3 f6 14. Nxb7 Rxb7 15. Nxd4 Qe8 16. O-O Rf7 17. Qb4+ Re7 18. Nxe6+ Kf7 19. Bxd5 Rxe6 20. exf6 Nxf6 21. Bb3 Qc6 22. Rae1 Re8 23. Qc4 Qxc4 24. Bxc4 Nd7 25. Rxe6 Rxe6 26. Re1 Nf8 27. c3 Kf6 28. Bxe6 Nxe6 29. d4 g5 30. fxg5+ Nxg5 31. Re8 Nf3+ 32. Kg2 Nd2 33. Ra8 Nc4 34. b3 Ne3+ 35. Kf3 Nd1 36. c4 Kg6 37. d5 Kf6 38. Rxa7 h5 39. Rb7 Bf8 40. Rxb6+ Kf5 41. h3 Nb2 42. g4+ hxg4+ 43. hxg4+ Ke5 44. Re6+ Kd4 45. d6 Nd3 46. d7 Be7 47. Rxe7 1-0


[Site "https://www.chess.com"]

[Event "Titled Tuesday Blitz December 06 Early 2022"]
[White "Agasarov, Benik"]
[Black "Corrales Jimenez, Fidel"]
[WhiteFideId "13314823"]
[BlackFideId "3506690"]
[WhiteElo "2179"]
[BlackElo "2541"]
[Result "1-0"]
[Round "08"]
[TimeControl "180+1"]
[Date "2022.12.06"]
[WhiteClock "0:00:06"]
[BlackClock "0:00:39"]

1. e4 c5 2. Nf3 d6 3. d4 cxd4 4. Nxd4 Nf6 5. Nc3 a6 6. Bg5 e6 7. f4 h6 8. Bh4 Nbd7 9. Qf3 Be7 10. O-O-O g5 11. fxg5 Ne5 12. gxf6 Nxf3 13. fxe7 Qa5 14. gxf3 b5 15. Ndxb5 axb5 16. Bxb5+ Bd7 17. Rxd6 Ra7 18. Rhd1 f6 19. Bxf6 Bxb5 20. Rd8+ Kf7 21. Rxh8 Kxf6 22. Nxb5 Rxe7 23. Nc3 Qg5+ 24. Kb1 Qg2 25. Rxh6+ Kg7 26. Rh4 Qxf3 27. Rg1+ Kf6 28. a4 Qf2 29. Rh6+ Ke5 30. Rh5+ Kf4 31. Rd1 Rb7 32. Rb5 Rc7 33. Rb8 Qxh2 34. Rf8+ Ke5 35. Re8 Qh5 36. Rd5+ Kf6 37. Rxh5 Rg7 38. Rh6+ Kg5 39. Rexe6 Rb7 40. Reg6+ Kf4 41. Rh4+ Ke3 42. Nd5+ Kd4 43. c3+ Kc4 44. Rc6+ Kb3 45. Rb6+ Kxa4 46. Rxb7 Ka5 47. Rh8 Ka4 48. Ra8# 1-0


[Site "https://www.chess.com"]

[Event "Titled Tuesday Blitz December 06 Early 2022"]
[White "Aloma Vidal, Robert"]
[Black "Ahn, Hongjin"]
[WhiteFideId "2260409"]
[BlackFideId "13201492"]
[WhiteElo "2435"]
[BlackElo "2182"]
[Result "1-0"]
[Round "08"]
[TimeControl "180+1"]
[Date "2022.12.07"]
[WhiteClock "0:01:16"]
[BlackClock "0:00:09"]

1. e4 c5 2. c3 Nf6 3. e5 Nd5 4. Nf3 Nc6 5. Bc4 Nb6 6. Bb3 d5 7. exd6 Qxd6 8. Na3 Be6 9. d4 cxd4 10. Nb5 Qd7 11. O-O Bxb3 12. Qxb3 d3 13. Bf4 Rc8 14. Nxa7 Nxa7 15. Qxb6 Nc6 16. Rad1 f6 17. Qb5 Rd8 18. Ne1 Qg4 19. Nxd3 Rxd3 20. Rxd3 Qxf4 21. Qxb7 Ne5 22. Qa8+ Kf7 23. Rd8 g5 24. Re1 g4 25. Qd5+ Kg6 26. Qe4+ Qxe4 27. Rxe4 Kf5 28. Rb4 Nc6 29. Rb5+ Ke6 30. Rb6 Kf7 31. Rxc6 1-0


[Site "https://www.chess.com"]

[Event "Titled Tuesday Blitz December 06 Early 2022"]
[White "Aradhya, Garg"]
[Black "Kim, Sergey"]
[WhiteFideId "25006746"]
[BlackFideId "13700570"]
[WhiteElo "2278"]
[BlackElo "2624"]
[Result "1-0"]
[Round "08"]
[TimeControl "180+1"]
[Date "2022.12.07"]
[WhiteClock "0:01:13"]
[BlackClock "0:00:28"]

1. d4 Nf6 2. c4 g6 3. Nf3 Bg7 4. g3 d6 5. Bg2 O-O 6. Nc3 Nbd7 7. O-O e5 8. h3 exd4 9. Nxd4 Re8 10. b3 Nc5 11. Bb2 c6 12. Rc1 Qe7 13. Re1 Nce4 14. e3 h5 15. Qc2 a5 16. Na4 Qc7 17. c5 d5 18. Nb6 Rb8 19. a3 h4 20. gxh4 Qe7 21. b4 axb4 22. axb4 Nh5 23. Nf3 Bf5 24. Bxg7 Nxg7 25. Qb2 Qe6 26. Nd4 Qe7 27. Nf3 Qe6 28. Kh2 Qe7 29. b5 Ne6 30. Qe5 N6xc5 31. Qxe7 Rxe7 32. Re2 Nd3 33. Rcc2 Nb4 34. Rb2 Nd3 35. Rbc2 Nb4 36. Rb2 Nd3 37. Ra2 Nc3 38. Nd4 Nxe2 39. Rxe2 Be4 40. f3 Bf5 41. bxc6 Ne5 42. Nxd5 Ree8 43. c7 Ra8 44. Nf6+ Kf8 45. Nxe8 Kxe8 46. Nxf5 gxf5 47. f4 Nc6 48. Rb2 Na5 49. Rxb7 Kd7 50. Rb8 1-0


[Site "https://www.chess.com"]

[Event "Titled Tuesday Blitz December 06 Early 2022"]
[White "Aravindh, Chithambaram VR."]
[Black "tufferguy"]
[WhiteFideId "5072786"]
[WhiteElo "2586"]
[BlackElo "2679"]
[Result "1-0"]
[Round "08"]
[TimeControl "180+1"]
[Date "2022.12.06"]
[WhiteClock "0:00:41"]
[BlackClock "0:00:01"]

1. e4 e5 2. Nf3 Nc6 3. Bc4 Nf6 4. Ng5 d5 5. exd5 Na5 6. Bb5+ c6 7. dxc6 bxc6 8. Bd3 Nd5 9. Nf3 Bd6 10. O-O O-O 11. Re1 f5 12. Nxe5 Qf6 13. Nf3 g5 14. c4 Nf4 15. Bf1 g4 16. d4 gxf3 17. Qxf3 Ne6 18. c5 Bc7 19. b4 Nxd4 20. Qc3 Nb7 21. Bb2 Be5 22. Bc4+ Be6 23. Kh1 Bxc4 24. Qxc4+ Rf7 25. Nd2 Rd8 26. f4 Bxf4 27. Nf3 Qh6 28. Bxd4 Rd7 29. Re8+ Qf8 30. Rae1 1-0


[Site "https://www.chess.com"]

[Event "Titled Tuesday Blitz December 06 Early 2022"]
[White "Artemenko, Oleg"]
[Black "Gabuzyan, Hovhannes"]
[WhiteFideId "14201798"]
[BlackFideId "13303732"]
[WhiteElo "2287"]
[BlackElo "2486"]
[Result "1-0"]
[Round "08"]
[TimeControl "180+1"]
[Date "2022.12.06"]
[WhiteClock "0:00:56"]
[BlackClock "0:00:55"]

1. d4 Nf6 2. Nc3 d5 3. Bf4 a6 4. e3 e6 5. g4 c5 6. g5 Nfd7 7. Nf3 Nc6 8. h4 b5 9. Bh3 b4 10. Ne2 a5 11. h5 g6 12. Ng3 Bg7 13. c3 Ba6 14. Nh4 Bb5 15. Qf3 Qe7 16. a4 Bc4 17. Rc1 e5 18. Ngf5 gxf5 19. Nxf5 Qf8 20. h6 Bxh6 21. gxh6 exf4 22. Qxf4 Kd8 23. Nd6 f5 24. Bxf5 Qe7 25. Rg1 Rf8 26. Rg7 Rxf5 27. Nxf5 Qe6 28. dxc5 Nce5 29. Rd1 Kc7 30. Nd4 Qh3 31. Qxe5+ 1-0


[Site "https://www.chess.com"]

[Event "Titled Tuesday Blitz December 06 Early 2022"]
[White "Averjanov, Alexey"]
[Black "Martin, Lewis"]
[WhiteFideId "14109867"]
[BlackFideId "410551"]
[WhiteElo "2694"]
[BlackElo "2145"]
[Result "1-0"]
[Round "08"]
[TimeControl "180+1"]
[Date "2022.12.07"]
[WhiteClock "0:01:55"]
[BlackClock "0:00:06"]

1. d4 d5 2. c4 c6 3. e3 Nf6 4. Bd3 dxc4 5. Bxc4 b5 6. Bd3 e6 7. Nf3 Be7 8. O-O O-O 9. a4 b4 10. b3 Nbd7 11. Bb2 Bb7 12. Nbd2 c5 13. Nc4 cxd4 14. Bxd4 Nc5 15. Be2 Nce4 16. Rc1 Bd5 17. Qc2 Rc8 18. Rfd1 Qc7 19. Qb2 Qb7 20. Ne1 Rfd8 21. f3 Nc5 22. e4 Bxe4 23. fxe4 Qxe4 24. Bf3 Qh4 25. Bf2 Qh6 26. Rxd8+ Rxd8 27. Rd1 Rxd1 28. Bxd1 Nfe4 29. Be3 Qg6 30. Bc2 f5 31. Nd3 Bf6 32. Qc1 Nc3 33. Qe1 N5e4 34. Nf4 Qf7 35. Ne2 Nxe2+ 36. Qxe2 e5 37. Bxe4 fxe4 38. Qg4 h5 39. Qxe4 Qd7 40. Qa8+ Kh7 41. Qe4+ Kg8 42. Qc2 Qd5 43. Bxa7 e4 44. Be3 1-0


[Site "https://www.chess.com"]

[Event "Titled Tuesday Blitz December 06 Early 2022"]
[White "Bashirli, Saadat"]
[Black "Flis, Pawel"]
[WhiteFideId "13429990"]
[BlackFideId "1112864"]
[WhiteElo "1408"]
[BlackElo "1817"]
[Result "1-0"]
[Round "08"]
[TimeControl "180+1"]
[Date "2022.12.07"]
[WhiteClock "0:01:02"]
[BlackClock "0:00:24"]

1. d4 c5 2. d5 Nf6 3. c4 b5 4. Qc2 bxc4 5. e4 e6 6. Bxc4 exd5 7. exd5 d6 8. Ne2 Be7 9. O-O O-O 10. Ng3 Nbd7 11. Nf5 Nb6 12. Nxe7+ Qxe7 13. Bg5 Qe5 14. Bxf6 Qxf6 15. Nd2 Bf5 16. Qb3 Rab8 17. Qa3 Qd4 18. Qc3 Qxc3 19. bxc3 Nxc4 20. Nxc4 Bd3 21. Nxd6 Bxf1 22. Kxf1 Rfd8 23. Nf5 g6 24. Ne7+ Kf8 25. Nc6 Rbc8 26. Nxd8 Rxd8 27. c4 Rb8 28. Ke2 Rb2+ 29. Ke3 Rc2 30. g3 Rxc4 31. Rb1 Rd4 32. Rb8+ Kg7 33. Rb7 a5 34. Rb5 Rxd5 35. Rxa5 Kf6 36. a4 Ke5 37. f4+ Kf5 38. Ra7 f6 39. Rxh7 Rd2 40. Kxd2 1-0


[Site "https://www.chess.com"]

[Event "Titled Tuesday Blitz December 06 Early 2022"]
[White "Battlecruiser_Operational"]
[Black "Shuvalov, Evgenij"]
[BlackFideId "4187237"]
[WhiteElo "2248"]
[BlackElo "2049"]
[Result "1/2-1/2"]
[Round "08"]
[TimeControl "180+1"]
[Date "2022.12.07"]
[WhiteClock "0:00:04"]
[BlackClock "0:00:05"]

1. d4 Nf6 2. c4 c5 3. d5 b5 4. cxb5 a6 5. b6 e6 6. Nc3 Nxd5 7. Nxd5 exd5 8. Qxd5 Nc6 9. e3 Rb8 10. Bc4 Qf6 11. Ne2 Rxb6 12. O-O Be7 13. Bd2 Nb4 14. Bxb4 Rxb4 15. b3 Bb7 16. Qd2 O-O 17. Qxd7 Rd8 18. Qh3 Rb6 19. Rad1 Rbd6 20. Rxd6 Qxd6 21. Qf5 Bf6 22. Nf4 g6 23. Qc2 Be5 24. g3 Bxf4 25. exf4 Qc6 26. f3 Qd6 27. Qe2 h5 28. Kg2 h4 29. Rf2 Bc8 30. gxh4 Qxf4 31. Qe4 Qf6 32. Re2 Kg7 33. Qe5 Qxe5 34. Rxe5 Rd2+ 35. Kg3 Rd7 36. Rxc5 Bb7 37. h5 gxh5 38. Rxh5 Kf6 39. Rh6+ Kg7 40. Rb6 a5 41. Rb5 Ba6 42. Rxa5 Bxc4 43. bxc4 Rc7 44. c5 Kf6 45. a4 Kf5 46. Rb5 Ra7 47. a5 Ke5 48. c6+ Kd6 49. h4 Kxc6 50. Rf5 Kd6 51. a6 Ke6 52. Ra5 f5 53. Kf4 Kf6 54. Rxf5+ Kg6 55. Ra5 Kh6 56. Kg4 Rg7+ 57. Kh3 Ra7 58. f4 Rf7 59. f5 Ra7 60. Kg4 Rg7+ 61. Kf4 Ra7 62. Ke5 Kg7 63. f6+ Kf7 64. Kf5 Kf8 65. h5 Rh7 66. Kg6 Ra7 67. h6 Kg8 68. h7+ Kh8 69. f7 Rxa6+ 70. Rxa6 1/2-1/2


[Site "https://www.chess.com"]